 Dungeon Crawl Stone Soup version 0.28-a0-1199-gef9e1dbd39 (webtiles) character file.

Game seed: 5806687202614890721

156 mcbry74 the Grasshopper (level 5, -2/43 HPs)
             Began as a Gnoll Warper on Dec 20, 2021.
             Was an Initiate of Gozag.
             Succumbed to a scorpion's poison
             ... on level 4 of the Dungeon.
             The game lasted 00:12:10 (4738 turns).

mcbry74 the Grasshopper (Gnoll Warper)              Turns: 4738, Time: 00:12:10

Health: -2/43      AC:  6    Str: 11    XL:     5   Next: 38%
Magic:  12/12      EV: 12    Int: 14    God:    Gozag
Gold:   205        SH:  0    Dex: 11    Spells: 9/14 levels left

rFire   . . .      SeeInvis .   s - +0 war axe
rCold   . . .      Faith    .   (no shield)
rNeg    . . .      Spirit   .   b - +0 leather armour
rPois   .          Reflect  .   n - +2 helmet
rElec   .          Harm     .   (no cloak)
rCorr   .          Rampage  .   (no gloves)
Will    .....                   (no boots)
Stlth   +.........              (no amulet)
HPRegen 0.14/turn               (no ring)
MPRegen 0.13/turn               (no ring)

@: lethally poisoned (-2 -> -17), attractive
A: fangs 1, strong nose, distributed training
a: Renounce Religion, Potion Petition, Call Merchant, Bribe Branch


You were on level 4 of the Dungeon.
You worshipped Gozag.
Gozag was aware of your devotion.
You visited 1 branch of the dungeon, and saw 4 of its levels.

You collected 218 gold pieces.
You paid 13 gold pieces to Gozag.

Inventory:

Hand Weapons
 a - a +0 hand axe
 e - a +0 whip of electrocution
 g - a +0 spear
 m - a +0 halberd
 s - a +0 war axe (weapon)
Missiles
 d - 4 boomerangs of dispersal
 i - 45 arrows
 l - 29 sling bullets
Armour
 b - a +0 leather armour (worn)
 n - a +2 helmet (worn)
Scrolls
 c - 4 scrolls of blinking
 f - 2 scrolls of vulnerability {unknown}
 h - a scroll of teleportation
 j - a scroll of identify {unknown}
 p - a scroll of immolation
 q - a scroll of fear {unknown}
 t - a scroll of magic mapping {unknown}
 v - a scroll of noise {unknown}
Potions
 k - a potion of degeneration {unknown}
 o - a potion of heal wounds {unknown}
 r - a potion of attraction
 u - a potion of might {unknown}
 w - a potion of brilliance {unknown}


   Skills:
 + Level 4.8 Fighting
 + Level 1.4 Short Blades
 + Level 1.4 Long Blades
 + Level 4.8 Axes
 + Level 1.4 Maces & Flails
 + Level 1.4 Polearms
 + Level 1.4 Staves
 + Level 1.4 Slings
 + Level 1.4 Bows
 + Level 1.4 Crossbows
 + Level 3.0 Throwing
 + Level 3.0 Armour
 + Level 4.8 Dodging
 + Level 1.4 Stealth
 + Level 1.4 Shields
 + Level 1.4 Unarmed Combat
 + Level 5.2 Spellcasting
 + Level 1.1 Conjurations
 + Level 1.1 Hexes
 + Level 1.1 Summonings
 + Level 1.1 Necromancy
 + Level 5.5 Translocations
 + Level 1.1 Transmutations
 + Level 1.1 Fire Magic
 + Level 1.1 Ice Magic
 + Level 1.1 Air Magic
 + Level 1.1 Earth Magic
 + Level 1.1 Poison Magic
 + Level 1.6 Invocations
 + Level 1.4 Evocations


You had 9 spell levels left.
You knew the following spells:

 Your Spells              Type           Power      Damage    Failure   Level
a - Blink                 Tloc           38%        N/A       3%          2
b - Gell's Gravitas       Tloc           19%        N/A       7%          3

Your spell library contained the following spells:

 Spells                   Type           Power      Damage    Failure   Level
 Lesser Beckoning         Tloc           19%        N/A       7%          3
 Teleport Other           Tloc           19%        N/A       7%          3
 Inner Flame              Hex/Fire       6%         N/A       38%         3
 Ozocubu's Armour         Ice            6%         N/A       38%         3
 Manifold Assault         Tloc           19%        N/A       52%         5
 Cause Fear               Hex            3%         N/A       80%         4
 Ozocubu's Refrigeration  Ice            3%         4d5       100%        7
 Discord                  Hex            3%         N/A       100%        8


Dungeon Overview and Level Annotations

Branches:
Dungeon (4/15)
 Temple: D:4-7

Altars:
Gozag
Hepliaklqana
Makhleb
Qazlal
The Shining One


Innate Abilities, Weirdness & Mutations

You have very sharp teeth.
Your uncanny sense of smell can sniff out nearby items.
Your experience applies equally to all skills.


Message History

The scorpion stings you but does no damage.
You hit the scorpion.
The scorpion is moderately wounded.
You feel very sick. The scorpion closely misses you.
You hit the scorpion.
The scorpion is heavily wounded.
You feel sick. The scorpion misses you. The scorpion barely misses you.
You hit the scorpion.
The scorpion is severely wounded.
You feel sick. The scorpion misses you.
You barely miss the scorpion.
You bite the scorpion, but do no damage.
The scorpion is severely wounded.
You feel sick.
The scorpion stings you but does no damage.
The scorpion stings you!
You are more poisoned.
The scorpion poisons you!
You hit the scorpion.
The scorpion is almost dead.
You feel very sick. The scorpion barely misses you.
You hit the scorpion but do no damage.
The scorpion is almost dead.
You feel very sick.
The scorpion stings you but does no damage. x2
You closely miss the scorpion.
The scorpion is almost dead.
You feel sick. The scorpion stings you!
* * * LOW HITPOINT WARNING * * *
You are more poisoned.
The scorpion poisons you!
It was a potion of attraction.
You feel attractive to monsters.
* * * LOW HITPOINT WARNING * * *
You feel very sick. The scorpion misses you. x2
You die...
Your body crumbles into a pile of gold.

#...... ....
#......###...
#...........#
#...........###
#.............#
#..............
.......s$......
.......@...<...
#.........$....
#..............
#..............
#..............
#...........!..
##.............
##............


You could see a scorpion.

Vanquished Creatures
  An iguana (D:3)
  4 gnolls
  3 adders
  2 worms (D:3)
  A dart slug (D:2)
  An orc (D:3)
  4 ball pythons
  7 bats
  2 endoplasms (D:1)
  A giant cockroach (D:1)
  4 goblins
  3 hobgoblins (D:2)
  2 kobolds
  3 quokkas
  5 frilled lizards
  21 rats
64 creatures vanquished.

Notes
Turn   | Place    | Note
-------+----------+-------------------------------------------
     0 | D:1      | mcbry74 the Gnoll Warper began the quest for the Orb.
     0 | D:1      | Reached XP level 1. HP: 20/20 MP: 6/6
   229 | D:1      | Reached XP level 2. HP: 17/26 MP: 7/7
   522 | D:1      | Learned a level 2 spell: Blink
  1339 | D:1      | Reached skill level 5 in Spellcasting
  1339 | D:1      | Reached XP level 3. HP: 16/31 MP: 7/9
  1545 | D:2      | Reached skill level 1 in Invocations
  2322 | D:2      | Reached skill level 1 in Short Blades
  2322 | D:2      | Reached skill level 1 in Long Blades
  2322 | D:2      | Reached skill level 1 in Maces & Flails
  2322 | D:2      | Reached skill level 1 in Polearms
  2322 | D:2      | Reached skill level 1 in Staves
  2322 | D:2      | Reached skill level 1 in Slings
  2322 | D:2      | Reached skill level 1 in Bows
  2322 | D:2      | Reached skill level 1 in Crossbows
  2322 | D:2      | Reached skill level 1 in Stealth
  2322 | D:2      | Reached skill level 1 in Shields
  2322 | D:2      | Reached skill level 1 in Unarmed Combat
  2322 | D:2      | Reached skill level 1 in Evocations
  2322 | D:2      | Reached XP level 4. HP: 5/38 MP: 11/11
  2800 | D:2      | Found a faded altar of an unknown god.
  2906 | D:2      | Learned a level 3 spell: Gell's Gravitas
  3655 | D:3      | Reached skill level 1 in Conjurations
  3655 | D:3      | Reached skill level 1 in Hexes
  3655 | D:3      | Reached skill level 1 in Summonings
  3655 | D:3      | Reached skill level 1 in Necromancy
  3655 | D:3      | Reached skill level 1 in Transmutations
  3655 | D:3      | Reached skill level 1 in Fire Magic
  3655 | D:3      | Reached skill level 1 in Ice Magic
  3655 | D:3      | Reached skill level 1 in Air Magic
  3655 | D:3      | Reached skill level 1 in Earth Magic
  3655 | D:3      | Reached skill level 1 in Poison Magic
  3705 | D:3      | Found a glowing golden altar of the Shining One.
  3705 | D:3      | Found a stormy altar of Qazlal.
  3710 | D:3      | Found a hazy altar of Hepliaklqana.
  3712 | D:3      | Found a burning altar of Makhleb.
  3714 | D:3      | Found an opulent altar of Gozag.
  3718 | D:3      | Became a worshipper of Gozag Ym Sagoz the Greedy
  3910 | D:3      | Reached XP level 5. HP: 38/43 MP: 12/12
  4183 | D:3      | HP: 2/43 [iguana (7)]
  4737 | D:4      | HP: 1/43 [poisoned by a scorpion]
  4738 | D:4      | Succumbed to a scorpion's poison

Illustrated notes

Levels and vault maps discovered:
D:1:      lightli_arrival_maybe_door_vault, layout_loops_ring
D:2:      layout_basic, hellmonk_ecumenical_altar_blasted,
          grunt_decor_one_mirror
D:3:      layout_basic, chequers_temple_overflow_minitemple, minmay_rat_hole
D:4:      layout_layer_cave

Skill      XL: |  1  2  3  4  5 |
---------------+----------------+-----
Spellcasting   | 5 |  5.2
Invocations    | 1 |  1.6
Short Blades   | 1 |  1.4
Long Blades    | 1 |  1.4
Maces & Flails | 1 |  1.4
Polearms       | 1 |  1.4
Staves         | 1 |  1.4
Slings         | 1 |  1.4
Bows           | 1 |  1.4
Crossbows      | 1 |  1.4
Stealth        | 1 |  1.4
Shields        | 1 |  1.4
Unarmed Combat | 1 |  1.4
Evocations     | 1 |  1.4
Conjurations   | 1 |  1.1
Hexes          | 1 |  1.1
Summonings     | 1 |  1.1
Necromancy     | 1 |  1.1
Transmutations | 1 |  1.1
Fire Magic     | 1 |  1.1
Ice Magic      | 1 |  1.1
Air Magic      | 1 |  1.1
Earth Magic    | 1 |  1.1
Poison Magic   | 1 |  1.1
Throwing       | 3 |  3.0
Armour         | 3 |  3.0
Fighting       | |  4.8
Axes           | |  4.8
Dodging        | |  4.8
Translocations | |  5.5

Action                   |  1- 3 |  4- 6 || total
-------------------------+-------+-------++-------
Melee: Hand axe          |   107 |    39 ||   146
       Bite              |     7 |    11 ||    18
       War axe           |       |   111 ||   111
Throw: Boomerang         |     1 |       ||     1
 Cast: Blink             |     2 |     1 ||     3
       Gell's Gravitas   |       |     2 ||     2
  Use: Potion            |     1 |     1 ||     2
       Scroll            |       |     1 ||     1
 Stab: Sleeping          |       |     2 ||     2
Armor: Leather armour    |    26 |    38 ||    64
Dodge: Dodged            |    68 |    91 ||   159

Table legend: (Time is in decaauts)
 A = Elapsed time spent in this place.
 B = Non-inter-level travel time spent in this place.
 C = Inter-level travel time spent in this place.
 D = Time resting spent in this place.
 E = Time spent auto-exploring this place.
 F = Levels seen in this place.
 G = Mean time per level.
                   A        B        C        D        E       F      G
               +--------+--------+--------+--------+--------+-----+--------+
         Total |   4782 |   4719 |     63 |   1875 |   1803 |   4 | 1195.5 |
       Dungeon |   4782 |   4719 |     63 |   1875 |   1803 |   4 | 1195.5 |
               +--------+--------+--------+--------+--------+-----+--------+

Top non-repeatable levels by time:
     D:2: 1916 daAuts
     D:1: 1643 daAuts
     D:3: 1198 daAuts
     D:4: 24 daAuts
